 Dungeon Crawl Stone Soup version 0.31-a0-149-g3fdcc5976a (webtiles) character file.

Game seed: 15846611468040662313

5843 IdlyInterested the Cleaver (level 10, -1/89 HPs)
             Began as a Demonspawn Fighter on June 2, 2023.
             Was a Priest of Ashenzari.
             Slain by a yak (3 damage)
             ... while petrified by a basilisk
             ... on level 9 of the Dungeon on June 7, 2023.
             The game lasted 00:30:34 (7893 turns).

IdlyInterested the Cleaver (Demonspawn Fighter)     Turns: 7893, Time: 00:30:35

Health: -1/89      AC: 18    Str: 20    XL:     10   Next: 51%
Magic:  10/10      EV:  2    Int: 10    God:    Ashenzari [***...]
Gold:   506        SH:  0    Dex: 16    Spells: 9/9 levels left

rFire   . . .        a - +0 war axe "Sophism of Ashenzari" {Cun, Elem} (curse)
rCold   . . .        c - +0 buckler of Supernal Understanding {Alch, Self} (curse)
rNeg    + + +        w - +5 ring mail of Cirifusi {Harm *Corrode +Inv Str+3}
rPois   ∞            k - +0 helmet "Prison of Ashenzari" {Cun, Bglg} (curse)
rElec   .            (no cloak)
rCorr   .            n - +2 pair of gloves
SInv    +            s - +0 pair of boots
Will    .....        z - amulet "Chained Gloom" {Reflect SH+5, Self, Melee} (curse)
Stlth   +            Q - ring of the Curse-Bearer {SInv, Elem, Evo} (curse)
HPRegen 0.34/turn    T - ring of flight
MPRegen 0.12/turn

%: corrode self (3%), harm (+30% outgoing, +20% incoming), reflection, clarity
@: petrified, flying
A: icy blue scales 1, demonic guardian 3, ignite blood 1
a: Renounce Religion, Evoke Invisibility, Shatter the Chains


You were on level 9 of the Dungeon.
You worshipped Ashenzari.
Ashenzari was most pleased with you.
You visited 2 branches of the dungeon, and saw 10 of its levels.
You also visited: Sewer.

You collected 506 gold pieces.

Inventory:

Hand Weapons
 a - the cursed +0 war axe "Sophism of Ashenzari" (weapon) {Cun, Elem}

   It has a curse which improves the following skills: Cunning: Dodging and
   Stealth.
   Elements:  Fire Magic, Ice Magic, Air Magic and Earth Magic.
 u - a +0 war axe
 K - a +0 war axe
 O - a +0 war axe
Missiles
 m - 54 stones (quivered)
 P - 5 boomerangs
 W - 5 poisoned darts
Armour
 c - the cursed +0 buckler of Supernal Understanding (worn) {Alch, Self}

   It has a curse which improves the following skills: Alchemy: Poison Magic and
   Transmutations.
   Introspection: Fighting and Spellcasting.
 d - a +1 chain mail of cold resistance
 g - a +0 helmet
 k - the cursed +0 helmet "Prison of Ashenzari" (worn) {Cun, Bglg}
   (You found it on level 1 of the Dungeon)

   It has a curse which improves the following skills: Cunning: Dodging and
   Stealth.
   Beguiling: Conjurations, Hexes and Translocations.
 n - a +2 pair of gloves (worn)
 s - a +0 pair of boots (worn)
 w - the +5 ring mail of Cirifusi (worn) {Harm *Corrode +Inv Str+3}
   (You found it on level 3 of the Dungeon)

   Str:       It affects your strength (+3).
   +Inv:      It lets you turn invisible.
   *Corrode:  It may corrode you when you take damage.
   Harm:      It increases damage dealt and taken.
 x - a +2 ring mail of willpower
 C - a +0 buckler
 H - a +0 tower shield
 N - a +0 helmet
 R - a +0 helmet
 S - a +0 pair of gloves
Jewellery
 z - the cursed amulet "Chained Gloom" (around neck) {Reflect SH+5, Self, Melee}
   (You found it on level 3 of the Dungeon)

   [amulet of reflection]

   It reflects blocked missile attacks.
   SH:        It affects your SH (+5).
   It has a curse which improves the following skills: Introspection: Fighting
   and Spellcasting.
   Melee Combat: Short Blades, Long Blades, Axes, Maces & Flails, Polearms,
   Staves and Unarmed Combat.
 Q - the cursed ring of the Curse-Bearer (left hand) {SInv, Elem, Evo}
   (You found it on level 7 of the Dungeon)

   [ring of see invisible]

   SInv:      It lets you see invisible.
   It has a curse which improves the following skills: Elements: Fire Magic, Ice
   Magic, Air Magic and Earth Magic.
   Evocations: Evocations.
 T - a ring of flight (right hand)
Wands
 r - a wand of light (13)
 A - a wand of polymorph (20)
 Z - a wand of iceblast (3)
Scrolls
 b - a scroll of fog
 e - 2 scrolls of magic mapping
 h - a scroll of acquirement
 y - 2 scrolls of enchant weapon
 B - 3 scrolls of fear
 D - a scroll of immolation
 E - 5 scrolls of blinking
 F - a scroll of summoning
 I - 2 scrolls of teleportation
 J - 6 scrolls of identify
 X - a scroll of amnesia
 Y - a scroll of brand weapon
Potions
 i - a potion of ambrosia
 j - a potion of berserk rage
 l - 2 potions of mutation
 o - 2 potions of haste
 p - a potion of brilliance
 q - a potion of resistance
 t - 2 potions of curing
 v - a potion of magic
 M - 2 potions of might
 U - 2 potions of attraction
 V - a potion of enlightenment


   Skills:
 + Level 9.7(11.9) Fighting
 * Level 10.1(11.5) Axes
 - Level 2.0 Throwing
 - Level 5.0 Armour
 - Level 3.9(6.0) Dodging
 - Level 2.6 Shields
 - Level 2.0(3.1) Evocations


You had 9 spell levels left.
You didn't know any spells.
Your spell library contained the following spells:

 Spells                   Type           Power      Damage    Failure   Level
 Summon Small Mammal      Summ           0%         N/A       61%         1
 Scorch                   Fire           0%         2d5       71%         2
 Vhi's Electric Charge    Tloc/Air       0%         N/A       91%         3
 Summon Guardian Golem    Hex/Summ       0%         N/A       92%         3
 Call Canine Familiar     Summ           0%         N/A       93%         3
 Flame Wave               Conj/Fire      0%         2d4       100%        4
 Arcjolt                  Conj/Air       0%         1d10      100%        5
 Summon Cactus Giant      Summ           0%         N/A       100%        6
 Maxwell's Capacitive Co  Air            0%         ∞         100%        8


Dungeon Overview and Level Annotations

Branches:
Dungeon (9/15)             Temple (1/1) D:4            Lair (0/5) D:9
    Orc (0/2) D:9           Sewer (visited)

Altars:
Ashenzari
Cheibriados
Dithmenos
Fedhas
Gozag
Hepliaklqana
Kikubaaqudgha
Okawaru
Qazlal
Ru
Sif Muna
Trog
Uskayaw
Xom

Shops:
D:2 ?   D:8 :[!


Innate Abilities, Weirdness & Mutations

You are partially covered in icy blue scales. (AC +2)
A powerful demonic guardian rushes to your aid.
Your demonic aura sometimes causes spilled blood to erupt in flames.


Message History

The yak gores you but does no damage.
The wyvern bites you but does no damage.
The polar bear bites you but does no damage.
The polar bear claws you.
The polar bear claws you but does no damage.
The wyvern bites you but does no damage.
The basilisk bites you but does no damage.
The yak gores you but does no damage.
The polar bear bites you but does no damage.
The polar bear claws you but does no damage. x2
The wyvern bites you!
* * * LOW HITPOINT WARNING * * *
A demonic guardian appears!
The wyvern bites you.
* * * LOW HITPOINT WARNING * * *
The basilisk bites you but does no damage.
The yak gores you!
* * * LOW HITPOINT WARNING * * *
The polar bear bites you but does no damage.
The polar bear claws you.
* * * LOW HITPOINT WARNING * * *
The polar bear claws you but does no damage.
The polar bear changes into a culicivora!
The wyvern bites you but does no damage.
The yak gores you but does no damage. The basilisk bites you.
* * * LOW HITPOINT WARNING * * *
Your cacodemon hits the culicivora!
Your cacodemon closely misses the culicivora.
The wyvern bites you but does no damage.
The culicivora bites you.
* * * LOW HITPOINT WARNING * * *
The yak gores you but does no damage.
The wyvern bites you but does no damage.
The yak gores your cacodemon! The basilisk bites you.
* * * LOW HITPOINT WARNING * * *
Your cacodemon misses the culicivora.
Your cacodemon barely misses the culicivora.
The culicivora bites you but does no damage.
The wyvern bites you but does no damage.
The yak misses your cacodemon. The yak gores you.
You die...

.. ...#............P , #,
, .........Y.P..PP.
...........♣.♣.... *
............Y....P.
*........#......P... *#
#.......#...#{{.P..,
.####........YYY###* *
..............lll.# ,
####.........YSY@.# , *
*#.........2s.....#
##.#....##....#####
####.......#.......#
.....##..#...#.....#
...#*##..#.###.....#
.##*#.....#........#
..###.....#.###....#######
...##..#..#...#....#..##.#


You could see a culicivora shaped shifter (ally target), 5 yaks, a basilisk, a
water moccasin, 2 wyverns and a friendly cacodemon (summoned).

Vanquished Creatures
  2 two-headed ogres
  An unseen horror (D:6)
  A yak (D:9)
  2 wyverns
  2 steam dragons
  2 water moccasins
  Duvessa (D:5)
  An ice beast (D:6)
  A sky beast (D:7)
  An orc warrior (D:8)
  An ogre (D:5)
  2 centaurs (D:9)
  A phantom (D:5)
  2 bullfrogs
  2 scorpions
  3 killer bees (D:9)
  3 electric eels
  A howler monkey (D:8)
  2 gnoll boudas (D:6)
  3 hounds
  3 jellies
  3 orc priests
  A sleepcap (D:6)
  2 iguanas
  4 orc wizards
  17 gnolls
  7 adders
  2 white imps (D:6)
  2 worms (D:2)
  A dart slug (D:1)
  20 orcs
  7 endoplasms
  2 giant cockroaches (D:4)
  9 goblins
  9 hobgoblins
  2 jackals (D:5)
  9 quokkas
  11 ball pythons
  12 bats
  5 frilled lizards
  6 kobolds
  4 rats
172 creatures vanquished.

Vanquished Creatures (collateral kills)
  Pikel (D:5)
  Grinder (D:5)
  A wraith (D:6)
  A steam dragon (D:5)
  An orc warrior (D:9)
  A black bear (D:7)
  An ogre (D:5)
  A lemure (D:5)
  Dowan (D:5)
  An orc priest (D:3)
  A gnoll bouda (D:5)
  A sleepcap (D:6)
  An iguana (D:5)
  2 gnolls
  3 orcs (D:3)
  A quokka (D:5)
19 creatures vanquished.

Vanquished Creatures (others)
  A kobold brigand (D:8)
  A bullfrog (D:8)
2 creatures vanquished.

Grand Total: 193 creatures vanquished

Notes
Turn   | Place    | Note
-------+----------+-------------------------------------------
     0 | D:1      | IdlyInterested the Demonspawn Fighter began the quest for
                  | the Orb.
     0 | D:1      | Reached XP level 1. HP: 18/18 MP: 1/1
   117 | D:1      | Upgraded the game from 0.31-a0-133-gaae73658be to
                  | 0.31-a0-145-g046c7d2549
   153 | D:1      | Reached skill level 2 in Axes
   168 | D:1      | Gained mutation: A weak demonic guardian rushes to your
                  | aid. [demonic ancestry]
   168 | D:1      | Reached XP level 2. HP: 24/24 MP: 2/2
   839 | D:2      | Reached XP level 3. HP: 25/29 MP: 3/3
  1299 | D:2      | Reached skill level 1 in Dodging
  1346 | D:2      | Found The Oracle's Delphic Readings.
  1426 | D:2      | Reached XP level 4. HP: 37/37 MP: 4/4
  2046 | D:3      | Reached skill level 3 in Axes
  2046 | D:3      | Gained mutation: A demonic guardian rushes to your aid.
                  | [demonic ancestry]
  2046 | D:3      | Reached XP level 5. HP: 19/42 MP: 5/5
  2227 | D:3      | Identified the +5 ring mail of Cirifusi {Harm *Corrode +Inv
                  | Str+3}
  2747 | D:3      | Upgraded the game from 0.31-a0-145-g046c7d2549 to
                  | 0.31-a0-149-g3fdcc5976a
  2966 | D:4      | Found a staircase to the Ecumenical Temple.
  2978 | Temple   | Entered the Ecumenical Temple
  3189 | Temple   | Became a worshipper of Ashenzari the Shackled
  3516 | D:4      | Gained mutation: You are partially covered in icy blue
                  | scales. (AC +2) [demonic ancestry]
  3516 | D:4      | Reached XP level 6. HP: 21/49 MP: 6/6
  3892 | D:5      | Entered Level 5 of the Dungeon
  3910 | D:5      | Reached skill level 5 in Fighting
  3910 | D:5      | Reached skill level 4 in Axes
  3985 | D:5      | Found a glowing drain.
  3998 | Sewer    | Entered a sewer
  4032 | Sewer    | Noticed a water moccasin
  4044 | Sewer    | Killed a water moccasin
  4045 | Sewer    | Reached skill level 1 in Evocations
  4045 | Sewer    | Gained mutation: A powerful demonic guardian rushes to your
                  | aid. [demonic ancestry]
  4045 | Sewer    | Reached XP level 7. HP: 57/57 MP: 7/7
  4113 | D:5      | Noticed Pikel
  4128 | D:5      | Killed Pikel
  4129 | D:5      | Reached skill level 5 in Axes
  4131 | D:5      | Reached XP level 8. HP: 46/65 MP: 8/8
  4139 | D:5      | Reached skill level 1 in Throwing
  4235 | D:5      | Noticed Grinder
  4238 | D:5      | Reached skill level 6 in Axes
  4242 | D:5      | Killed Grinder
  4387 | D:5      | Noticed Duvessa
  4388 | D:5      | Noticed Dowan
  4397 | D:5      | Killed Duvessa
  4398 | D:5      | Killed Dowan
  4431 | D:5      | Identified the cursed +0 buckler of Supernal Understanding
                  | {Alch, Self}
  4775 | D:6      | Reached * piety under Ashenzari
  4775 | D:6      | Identified a scroll of acquirement
  4842 | D:6      | Reached skill level 7 in Axes
  4859 | D:6      | Reached XP level 9. HP: 69/75 MP: 9/9
  5344 | D:6      | Noticed a two-headed ogre
  5354 | D:6      | HP: 3/75 [two-headed ogre/+0 giant club (19)]
  5360 | D:6      | Killed a two-headed ogre
  5610 | D:6      | Killed an unseen horror
  5611 | D:6      | Reached skill level 8 in Axes
  5672 | D:6      | Reached ** piety under Ashenzari
  6786 | D:8      | Gained mutation: Your demonic aura sometimes causes spilled
                  | blood to erupt in flames. [demonic ancestry]
  6786 | D:8      | Reached XP level 10. HP: 78/86 MP: 10/10
  6827 | D:8      | Found Yxuwir's General Store.
  6827 | D:8      | Found Cuegh's Distillery.
  6830 | D:8      | Found Wouka's Book Emporium.
  6831 | D:8      | Found Ytah's Antique Armour Emporium.
  6986 | D:8      | Found an opulent altar of Gozag.
  6986 | D:8      | Noticed a two-headed ogre
  6992 | D:8      | Killed a two-headed ogre
  6993 | D:8      | Reached skill level 9 in Axes
  6993 | D:8      | Reached skill level 5 in Armour
  6993 | D:8      | Reached *** piety under Ashenzari
  7081 | D:8      | Found an iron altar of Okawaru.
  7629 | D:9      | Found a staircase to the Orcish Mines.
  7690 | D:9      | Reached skill level 10 in Axes
  7872 | D:9      | Found a staircase to the Lair.
  7892 | D:9      | HP: 2/89 [basilisk (3)]
  7893 | D:9      | Slain by a yak

Illustrated notes

Levels and vault maps discovered:
D:1:      scummos_arrival_forest, layout_loops_ring, minmay_tetromino_l4
D:2:      layout_basic, minmay_misc_feat_encased, nicolae_nh_oracle_at_delphi
D:3:      layout_loops_corners
D:4:      layout_loops_ring, minmay_temple_entry_large_hall
D:5:      layout_cave_pools, kennysheep_little_box, gup_sewer_entry_pipe,
          uniq_pikel, uniq_grinder, uniq_duvessa
D:6:      minmay_chambers_of_sixes, layout_loops_ring
D:7:      layout_basic
D:8:      layout_loops_cross, nicolae_overflow_squiral, moated_statue,
          minmay_shop_grid_forest, kennysheep_generic_room_13
D:9:      layout_cave_pools, minmay_lair_entry_grove, serial_shops, shop_statue,
          st_stairs_5, fountainhead, guppyfry_shop_venom
Temple:   nicolae_temple_bog_church

Skill      XL: |  1  2  3  4  5  6  7  8  9 10 |
---------------+-------------------------------+-----
Axes           | 2 3 4 5 7 8 10 | 10.1
Armour         | 3 4 5 |  5.0
Dodging        | 1 2 3 |  3.9
Fighting       | 4 5 6 7 9 |  9.7
Evocations     | 1 2 |  2.0
Throwing       | 2 |  2.0
Shields        | |  2.6

Action                     |  1- 3 |  4- 6 |  7- 9 | 10-12 || total
---------------------------+-------+-------+-------+-------++-------
  Melee: War axe           |   117 |   180 |   204 |    80 ||   581
         Unarmed           |       |       |     1 |       ||     1
  Throw: Stone             |       |       |     8 |       ||     8
         Dart              |       |       |       |     2 ||     2
 Invoke: Curse Item        |       |     1 |     3 |     1 ||     5
  Evoke: Wand              |       |       |     2 |     1 ||     3
    Use: Scroll            |     4 |     1 |     1 |       ||     6
         Potion            |       |     1 |     2 |       ||     3
   Stab: Invisible         |       |       |       |     1 ||     1
 Armour: Scale mail        |    54 |    46 |       |       ||   100
         Ring mail         |       |    74 |    78 |    82 ||   234
  Dodge: Dodged            |    69 |    67 |   103 |    48 ||   287
  Block: Buckler           |    29 |    72 |   104 |    53 ||   258
         Reflection        |       |       |     2 |     1 ||     3

Table legend: (Time is in decaauts)
 A = Elapsed time spent in this place.
 B = Non-inter-level travel time spent in this place.
 C = Inter-level travel time spent in this place.
 D = Time resting spent in this place.
 E = Time spent auto-exploring this place.
 F = Levels seen in this place.
 G = Mean time per level.
                   A        B        C        D        E       F      G
               +--------+--------+--------+--------+--------+-----+--------+
         Total |   8041 |   7037 |   1004 |    750 |   4176 |  11 |  731.0 |
       Dungeon |   7717 |   6780 |    937 |    750 |   4025 |   9 |  857.4 |
        Temple |    224 |    157 |     67 |      0 |    140 |   1 |  224.0 |
         Sewer |     99 |     99 |      0 |      0 |     10 |   1 |   99.0 |
               +--------+--------+--------+--------+--------+-----+--------+

Top non-repeatable levels by time:
     D:6: 1332 daAuts
     D:3: 1262 daAuts
     D:8: 900 daAuts
     D:4: 873 daAuts
     D:2: 866 daAuts
     D:1: 838 daAuts
     D:5: 741 daAuts
     D:7: 632 daAuts
     D:9: 268 daAuts
  Temple: 224 daAuts
   Sewer: 99 daAuts
